 Dungeon Crawl Stone Soup version 0.26.0-15-gc6cd9f7 (webtiles) character file.

Game seed: 14727245365382244682

169670 PrincessRibbit the Brawler (level 17, -5/151 (163) HPs)
             Began as a Troll Fighter on Jan 24, 2021.
             Was the Champion of Ru.
             Killed from afar by a deep elf knight (36 damage)
             ... with a stone arrow
             ... on level 2 of the Elven Halls.
             The game lasted 01:10:58 (31497 turns).

PrincessRibbit the Brawler (Troll Fighter)         Turns: 31497, Time: 01:10:58

HP:   -5/151 (163)  AC: 16    Str: 29    XL:     17   Next: 35%
MP:   16/16         EV: 11    Int:  9    God:    Ru [******]
Gold: 3492          SH: 14    Dex: 13    Spells: 16/16 levels left

rFire    + + .     SeeInvis .     - Unarmed
rCold    + + .     Faith    .   X - +2 shield of Resistance {rF++ rC++ Will++}
rNeg     + . .     Spirit   .   H - +1 storm dragon scales of Purpose {rElec Int+5}
rPois    +         Reflect  .   (helmet restricted)
rElec    +         Harm     .   M - +0 cloak
rCorr    .         Rampage  .   (gloves unavailable)
Will     +++..                  (boots unavailable)
Stlth    ..........             I - amulet of the acrobat
HPRegen  0.75/turn              r - ring of poison resistance
MPRegen  0.15/turn              S - ring of positive energy

@: lethally poisoned (-5 -> -6), drained
A: large, unfitting armour, claws 3, regeneration 1, shaggy fur 1, tough skin 3,
no stealth, hated by all, inability to train armour, no conjurations magic, no
fire magic, no hexes magic, disrupted magic 1, inexperienced 1
a: Renounce Religion, Draw Out Power, Power Leap, Apocalypse


You were on level 2 of the Elven Halls.
You worshipped Ru.
Ru was exalted by your worship.
You visited 6 branches of the dungeon, and saw 27 of its levels.
You also visited: Ossuary, Gauntlet and Ice Cave.

You collected 3962 gold pieces.
You spent 470 gold pieces at shops.

Inventory:

Hand Weapons
 Q - a +1 eveningstar of protection
Missiles
 c - 20 large rocks (quivered)
 E - 14 silver javelins
 F - 3 throwing nets
Armour
 H - the +1 storm dragon scales of Purpose (worn) {rElec Int+5}
   (You found it in an ice cave)

   It affects your intelligence (+5).
   It insulates you from electricity.
 L - +0 acid dragon scales
 M - a +0 cloak (worn)
 W - +0 ice dragon scales
 X - the +2 shield of Resistance (worn) {rF++ rC++ Will++}
   (You found it on level 11 of the Dungeon)

   It greatly protects you from fire.
   It greatly protects you from cold.
   It affects your willpower, your defense against some magical effects.
Jewellery
 b - the ring of Zutom {+Blink +Fly Int+4}
   (You found it in a Gauntlet)

   [ring of flight]

   It affects your intelligence (+4).
   It lets you fly.
   It lets you blink.
 r - a ring of poison resistance (left claw)
 C - an uncursed ring of see invisible
 I - an amulet of the acrobat (around neck)
 S - a ring of positive energy (right claw)
Wands
 d - a wand of digging (3)
 f - a wand of paralysis (12)
 i - a wand of disintegration (27)
 T - a wand of acid (35)
 U - a wand of iceblast (8)
Scrolls
 g - 4 scrolls of blinking
 j - 7 scrolls of enchant armour
 l - a scroll of vulnerability
 o - 6 scrolls of enchant weapon
 q - 4 scrolls of fear
 s - 17 scrolls of teleportation
 u - 5 scrolls of fog
 v - 8 scrolls of remove curse
 y - 3 scrolls of magic mapping
 N - 5 scrolls of silence
 O - 13 scrolls of identify
 P - 3 scrolls of amnesia
 Y - 2 scrolls of torment
Potions
 a - 4 potions of magic
 e - 3 potions of mutation
 h - 4 potions of haste
 k - 6 potions of lignification
 m - 8 potions of brilliance
 n - a potion of resistance
 p - 8 potions of curing
 w - 2 potions of berserk rage
 x - 6 potions of flight
 z - 3 potions of might
 A - 5 potions of invisibility
 B - 8 potions of heal wounds
 D - a potion of ambrosia
Miscellaneous
 t - a phial of floods
 Z - a condenser vane


   Skills:
 + Level 9.2 Fighting
 - Level 4.4 Maces & Flails
 * Level 10.4 Throwing
 * Level 11.0 Dodging
 - Level 9.0 Shields
 - Level 20.0 Unarmed Combat
 * Level 6.7 Evocations


You had 16 spell levels left.
You didn't know any spells.
Your spell library contained the following spells:

 Spells                   Type           Power        Failure   Level
 Freeze                   Ice            0%           96%         1
 Pain                     Necr           0%           96%         1
 Sandblast                Erth           0%           96%         1
 Blink                    Tloc           N/A          99%         2
 Passwall                 Tmut/Erth      0%           99%         2
 Frozen Ramparts          Ice            0%           100%        3
 Ozocubu's Armour         Ice            0%           100%        3
 Vampiric Draining        Necr           0%           100%        3
 Ice Form                 Ice/Tmut       0%           100%        4
 Petrify                  Tmut/Erth      0%           100%        4
 Borgnjor's Vile Clutch   Necr/Erth      0%           100%        5
 Excruciating Wounds      Necr           0%           100%        5
 Lee's Rapid Deconstruct  Erth           0%           100%        5
 Hydra Form               Tmut           0%           100%        6
 Ozocubu's Refrigeration  Ice            0%           100%        6
 Statue Form              Tmut/Erth      0%           100%        6
 Dragon Form              Tmut           0%           100%        7
 Shatter                  Erth           0%           100%        9
 Animate Skeleton         Necr           Unusable     N/A         1
 Magic Dart               Conj           Unusable     N/A         1
 Call Imp                 Summ           Unusable     N/A         2
 Searing Ray              Conj           Unusable     N/A         2
 Slow                     Hex            Unusable     N/A         2
 Conjure Flame            Conj/Fire      Unusable     N/A         3
 Dazzling Flash           Conj/Hex       Unusable     N/A         3
 Mephitic Cloud           Conj/Pois/Air  Unusable     N/A         3
 Stone Arrow              Conj/Erth      Unusable     N/A         3
 Fulminant Prism          Conj/Hex       Unusable     N/A         4
 Hailstorm                Conj/Ice       Unusable     N/A         4
 Iskenderun's Mystic Bla  Conj/Tloc      Unusable     N/A         4
 Leda's Liquefaction      Hex/Erth       Unusable     N/A         4
 Summon Ice Beast         Ice/Summ       Unusable     N/A         4
 Bolt of Magma            Conj/Fire/Erth Unusable     N/A         5
 Irradiate                Conj/Tmut      Unusable     N/A         5
 Metabolic Englaciation   Hex/Ice        Unusable     N/A         5
 Freezing Cloud           Conj/Ice/Air   Unusable     N/A         6
 Iron Shot                Conj/Erth      Unusable     N/A         6
 Simulacrum               Ice/Necr       Unusable     N/A         6

Dungeon Overview and Level Annotations

Branches:
Dungeon (15/15)            Temple (0/1) D:7            Lair (6/6) D:10
 Shoals (1/4) Lair:2       Spider (1/4) Lair:4        Slime (0/5) Lair:6
    Orc (2/2) D:12            Elf (2/3) Orc:2        Vaults (0/5) D:14
 Depths (0/5) D:15        Ossuary (visited)           IceCv (visited)
Gauntlet (visited)

Altars:
Ashenzari
Dithmenos
Kikubaaqudgha
Qazlal
Ru
Sif Muna
Trog
Vehumet
Yredelemnul
Beogh

Shops:
D:4 (?[!   D:5 !   D:10 =   D:13 :   Orc:2 [?**(

Portals:
Trove: D:10 (show abyssal rune of Zot)


Innate Abilities, Weirdness & Mutations

You are too large for most types of armour.
You have claws for hands.
Your natural rate of healing is unusually fast.
You are covered in fur. (AC +1)
You have extremely tough skin. (AC +3)
You cannot be stealthy.
You are hated by all.
You cannot train Armour skill.
You cannot study or cast Conjurations magic.
You cannot study or cast Fire magic.
You cannot study or cast Hexes magic.
Your casting is slightly disrupted.
You are somewhat inexperienced. (-2 XL)


Message History

You block the +3 short sword of venom's attack.
There is a large open door, spattered with blood here.
You feel sick.
The deep elf knight shouts!
The deep elf knight shoots an arrow.
The arrow closely misses you.
The deep elf knight shoots an arrow.
The arrow completely misses you. The +3 short sword of venom misses you.
Things that are here:
a +0 leather armour; a cursed +0 rapier
There is an open translucent gate, spattered with blood here.
You feel sick.
The deep elf knight shoots an arrow.
The arrow completely misses you.
The +3 short sword of venom hits you but does no damage.
Something is blocking the gateway!
You claw the +3 short sword of venom!
The +3 short sword of venom is heavily damaged.
The +3 short sword of venom hits you but does no damage.
The deep elf knight gestures at you while chanting.
The stone arrow hits you!!!
You die...

........#.*.## #........## ##.)
............## #.........#####..#
.............###................#
..............##.................
..........*e..##..####'####..#.##
..............##..#.......#....##
###.....(...ee#####.......#......
##........#'.'..........#...#..
#.........##((@.........'...##.
##........#'('..........#..####
#........)[)#####.(.)...#..###.
.............##..#...)...#..##..
.............##..####'####..#..#
.............##..............#.#
...........###.............##.#
.........## #.#.........####..
.....#...# #.#..####...# ###


You could see 2 deep elf knights, a deep elf mage, 2 dancing weapons and a
battlesphere.

Vanquished Creatures
  Asterion (Elf:1)
  A deep elf blademaster (Elf:2)
  Agnes (Elf:1)
  A frost giant (IceCv)
  2 orc warlords (Orc:1)
  Louise (D:15)
  A stone giant (Orc:1)
  4 dire elephants (Lair:6)
  Azrael (Elf:1)
  2 deep elf death magi (Elf:1)
  An ettin (D:10)
  Snorg (D:11)
  A minotaur (Gauntlet)
  Josephine (D:12)
  2 fire dragons (D:11)
  9 vault guards
  Erolcha (D:11)
  An ogre mage (D:15)
  7 boulder beetles
  2 ice dragons (D:11)
  3 centaur warriors
  6 hydras
  An anaconda (Lair:6)
  A tengu warrior (D:13)
  2 death yaks (IceCv)
  14 two-headed ogres
  A small abomination (Elf:1)
  16 dancing weapons
  10 orc high priests
  The ghost of bogs101 the Arsonist, a journeyman DEWz of Vehumet (Lair:2)
  6 deep elf knights
  2 unseen horrors
  12 slime creatures
  The ghost of ilyvion the Protected, a novice GnWn of Cheibriados (D:7)
  2 sea snakes (Lair:2)
  3 wizards
  Pikel (D:5)
  A necromancer (Elf:1)
  9 ugly things
  12 deep elf archers
  An orc knight (Orc:1)
  32 deep elf magi
  A wolf spider zombie (D:12)
  2 orc sorcerers
  6 manticores
  5 cyclopes
  A moth of wrath (Gauntlet)
  An ice statue (IceCv)
  2 centaur zombies
  3 black mambas
  10 elephants
  A naga mage (D:15)
  An eye of devastation (Gauntlet)
  16 cane toads
  2 gargoyles (D:10)
  6 komodo dragons
  2 ice devils (D:15)
  A freezing wraith (D:12)
  3 rime drakes
  2 kobold demonologists (D:14)
  2 tengu conjurers (D:13)
  A wind drake (Lair:2)
  13 polar bears
  2 hornets
  A merfolk (Lair:2)
  16 trolls
  22 blink frogs
  The ghost of edsrzf the Conjurer, an amateur FoCj (D:3)
  5 large abominations (Elf:1)
  An air elemental (Elf:1)
  9 redbacks
  3 flying skulls (Gauntlet)
  5 water elementals
  2 tarantellas (Lair:4)
  8 wyverns
  3 vampires
  A redback (shapeshifter) (Elf:2)
  7 wraiths
  81 yaks
  Grum (D:9)
  6 fire elementals
  A golden eye (Gauntlet)
  4 vampire mosquitoes
  4 basilisks
  A human (D:6)
  Menkaure (D:7)
  11 wargs
  A harpy simulacrum (D:15)
  15 water moccasins
  A soldier ant (D:13)
  3 acid dragons
  A hell hound (Elf:1)
  24 orc warriors
  5 ice beasts
  3 black bears
  9 phantoms
  7 sky beasts
  18 wolves
  A necrophage (D:8)
  6 centaurs
  15 ogres
  3 elf zombies (Elf:1)
  4 big kobolds
  18 bullfrogs
  An earth elemental (Elf:2)
  A wyvern skeleton (D:7)
  15 scorpions
  6 killer bees (D:7)
  27 wights
  3 howler monkeys
  A lava snake (Lair:6)
  A bullfrog zombie (D:6)
  4 jellies
  43 orc priests
  11 hounds
  3 human zombies (Ossuary)
  5 bullfrog skeletons
  26 orc wizards
  3 iguanas
  Jessica (D:2)
  5 centaur skeletons
  Ijyb (D:3)
  7 worker ants
  Terence (D:2)
  4 hell rats (Lair:3)
  3 big kobold zombies (Ossuary)
  A hound zombie (D:5)
  A hound skeleton (D:10)
  3 mummies (Ossuary)
  2 worker ant zombies
  2 howler monkey zombies
  Robin (D:3)
  2 scorpion zombies (Ossuary)
  7 gnolls
  11 adders
  2 white imps
  5 ufetubi
  2 adder zombies
  5 worms
  8 dart slugs
  3 leopard geckos
  127 orcs
  10 giant cockroaches
  5 gnoll zombies (Ossuary)
  9 goblins
  8 hobgoblins
  18 jackals
  3 quokkas
  2 ball pythons
  10 bats
  6 frilled lizards
  A goblin skeleton (D:6)
  2 goblin zombies
  3 hobgoblin zombies (Ossuary)
  A jackal skeleton (D:5)
  23 kobolds
  2 kobold zombies (Ossuary)
  A leopard gecko skeleton (D:8)
  A leopard gecko zombie (D:6)
  2 orc zombies (Ossuary)
  A quokka zombie (D:5)
  9 rats
1060 creatures vanquished.

Vanquished Creatures (others)
  Rupert (Lair:3)
  A hydra (Lair:2)
  A deep elf knight (Elf:1)
  An unseen horror (D:15)
  A deep elf mage (Elf:1)
  A necromancer (Elf:1)
  A manticore (Lair:2)
  A polar bear (IceCv)
  An orc warrior (D:8)
  A wolf (IceCv)
  A bullfrog (D:10)
  An orc wizard (D:13)
  3 orcs
  23 fungi
  31 plants
69 creatures vanquished.

Grand Total: 1129 creatures vanquished

Notes
Turn   | Place    | Note
-------+----------+-------------------------------------------
     0 | D:1      | PrincessRibbit the Troll Fighter began the quest for the
                  | Orb.
     0 | D:1      | Reached XP level 1. HP: 22/22 MP: 0/0
   107 | D:1      | Reached XP level 2. HP: 29/29 MP: 1/1
   385 | D:1      | Reached XP level 3. HP: 36/36 MP: 2/2
   912 | D:2      | Found a sacrificial altar of Ru.
   923 | D:2      | Became a worshipper of Ru the Awakened
  1000 | D:2      | Reached skill level 3 in Unarmed Combat
  1002 | D:2      | Found a broken altar of Ashenzari.
  1056 | D:2      | Noticed Jessica
  1062 | D:2      | Killed Jessica
  1063 | D:2      | Reached XP level 4. HP: 27/44 MP: 3/3
  1218 | D:2      | Noticed Terence
  1220 | D:2      | Killed Terence
  1500 | D:3      | Reached skill level 4 in Unarmed Combat
  1500 | D:3      | Reached XP level 5. HP: 50/50 MP: 4/4
  1722 | D:3      | Noticed Robin
  1841 | D:3      | Killed Robin
  2042 | D:3      | Noticed Ijyb
  2061 | D:3      | Killed Ijyb
  2152 | D:3      | Gained mutation: You cannot be stealthy. [Ru sacrifice]
  2343 | D:3      | Reached XP level 6. HP: 46/59 MP: 5/5
  2391 | D:3      | Reached skill level 1 in Throwing
  2420 | D:3      | Reached skill level 5 in Unarmed Combat
  2851 | D:3      | Found a runed translucent gate.
  2852 | D:3      | Noticed edsrzf's ghost (amateur FoCj)
  2860 | D:3      | Found a runed translucent gate.
  2860 | D:3      | Found a runed translucent gate.
  2860 | D:3      | Identified the +7 hunting sling "Rusianne" {flame, Will++
                  | Str-4 Dex+2}
  2863 | D:3      | Found a roughly hewn altar of Beogh.
  2878 | D:3      | Killed edsrzf's ghost
  2879 | D:3      | Reached XP level 7. HP: 66/66 MP: 6/6
  2988 | D:3      | Reached skill level 6 in Unarmed Combat
  3074 | D:4      | Found Afie's Distillery.
  3077 | D:4      | Bought a potion of curing for 33 gold pieces
  3077 | D:4      | Bought a potion of berserk rage for 55 gold pieces
  3134 | D:4      | Found Worchify's Weapon Boutique.
  3306 | D:4      | Found Astrakia's Armour Emporium.
  3370 | D:4      | Found Ucwexa's Magic Scroll Shoppe.
  3373 | D:4      | Bought a scroll of remove curse for 30 gold pieces
  3373 | D:4      | Bought a scroll of teleportation for 30 gold pieces
  3711 | D:5      | Entered Level 5 of the Dungeon
  3726 | D:4      | Reached skill level 7 in Unarmed Combat
  3760 | D:5      | Noticed Pikel
  3783 | D:5      | Killed Pikel
  3784 | D:5      | Reached skill level 5 in Shields
  3784 | D:5      | Reached skill level 8 in Unarmed Combat
  3784 | D:5      | Reached XP level 8. HP: 62/74 MP: 7/7
  3817 | D:5      | Found Jigaulek's Distillery.
  3830 | D:5      | Bought a potion of degeneration for 12 gold pieces
  3862 | D:5      | Found a shimmering blue altar of Sif Muna.
  3872 | D:5      | Identified Sif Muna's Incunabulum of Bewitchment
  3880 | D:5      | Found a bloodstained altar of Trog.
  4016 | D:5      | Found a sand-covered staircase.
  4021 | Ossuary  | Entered an ossuary
  4044 | Ossuary  | Gained mutation: You are hated by all. [Ru sacrifice]
  4044 | Ossuary  | Reached * piety under Ru
  4044 | Ossuary  | Reached ** piety under Ru
  4161 | Ossuary  | Reached skill level 9 in Unarmed Combat
  4229 | Ossuary  | Reached XP level 9. HP: 80/80 MP: 8/8
  4729 | D:5      | Found a stormy altar of Qazlal.
  5122 | D:6      | Found an ancient bone altar of Kikubaaqudgha.
  5195 | D:6      | Reached skill level 10 in Unarmed Combat
  5618 | D:6      | Found a runed translucent door.
  5625 | D:6      | Found a basalt altar of Yredelemnul.
  5811 | D:6      | Gained mutation: You are somewhat inexperienced. (-2 XL)
                  | [Ru sacrifice]
  5811 | D:6      | Reached XP level 8. HP: 74/74 MP: 7/7
  5811 | D:6      | Reached XP level 7. HP: 66/66 MP: 6/6
  5811 | D:6      | Reached *** piety under Ru
  5811 | D:6      | Reached **** piety under Ru
  6004 | D:7      | Reached XP level 8. HP: 52/73 MP: 7/7
  6090 | D:7      | Noticed ilyvion's ghost (novice GnWn)
  6091 | D:7      | Found a runed translucent gate.
  6091 | D:7      | Found a runed translucent gate.
  6091 | D:7      | Found a runed translucent gate.
  6102 | D:7      | Noticed Menkaure
  6111 | D:7      | Killed Menkaure
  6112 | D:7      | Reached skill level 11 in Unarmed Combat
  6360 | D:7      | Found a staircase to the Ecumenical Temple.
  6920 | D:8      | Reached XP level 9. HP: 80/80 MP: 8/8
  6996 | D:8      | Noticed a two-headed ogre
  7003 | D:8      | Killed a two-headed ogre
  7681 | D:8      | Found a shadowy altar of Dithmenos.
  7830 | D:8      | Gained mutation: Your casting is slightly disrupted. [Ru
                  | sacrifice]
  8191 | D:9      | Reached skill level 12 in Unarmed Combat
  8191 | D:9      | Reached XP level 10. HP: 92/92 MP: 9/9
  8375 | D:9      | Noticed a cyclops
  8499 | D:7      | Killed ilyvion's ghost
  8705 | D:9      | Killed a cyclops
  8821 | D:9      | Noticed Grum
  8830 | D:9      | Killed Grum
  9223 | D:9      | Noticed a cyclops
  9234 | D:9      | Killed a cyclops
  9448 | D:9      | Found a sacrificial altar of Ru.
  9520 | D:10     | Entered Level 10 of the Dungeon
  9680 | D:10     | Found Pesu Duts's Jewellery Shoppe.
  9735 | D:10     | Noticed a gargoyle
  9764 | D:10     | Killed a gargoyle
  9822 | D:10     | Reached XP level 11. HP: 73/101 MP: 10/10
 10002 | D:10     | Noticed a vault guard
 10017 | D:10     | Killed a vault guard
 10018 | D:10     | Reached skill level 13 in Unarmed Combat
 10100 | D:10     | Found a staircase to the Lair.
 10153 | D:10     | Noticed a centaur warrior
 10153 | D:10     | Noticed a boulder beetle
 10164 | D:10     | Killed a centaur warrior
 10175 | D:10     | Killed a boulder beetle
 10176 | D:10     | Reached skill level 5 in Fighting
 10193 | D:10     | Gained mutation: You cannot train Armour skill. [Ru
                  | sacrifice]
 10193 | D:10     | Reached ***** piety under Ru
 10321 | D:10     | Noticed a green ugly thing
 10322 | D:10     | Noticed a two-headed ogre
 10347 | D:10     | Killed a green ugly thing
 10350 | D:10     | Killed a two-headed ogre
 10458 | D:10     | Noticed a two-headed ogre
 10489 | D:10     | Killed a two-headed ogre
 10490 | D:10     | Reached skill level 14 in Unarmed Combat
 10491 | D:10     | Noticed an ettin
 10507 | D:10     | Killed an ettin
 10512 | D:10     | Noticed a wizard
 10541 | D:10     | Killed a wizard
 10707 | D:10     | Noticed an unseen horror
 10715 | D:10     | Killed an unseen horror
 10716 | D:10     | Reached XP level 12. HP: 81/113 MP: 11/11
 10856 | D:10     | Found a portal to a secret trove of treasure.
 11147 | D:11     | Noticed an ice dragon
 11149 | D:11     | Noticed a fire dragon
 11169 | D:11     | Found a runed translucent door.
 11170 | D:11     | Found the +2 shield of Resistance {rF++ rC++ Will++}
 11170 | D:11     | Noticed an ice dragon
 11171 | D:11     | Noticed a fire dragon
 11180 | D:11     | Found a runed translucent door.
 11201 | D:11     | Noticed Erolcha
 11221 | D:11     | Killed Erolcha
 11584 | D:5      | Bought a potion of resistance for 120 gold pieces
 11800 | D:11     | Killed a fire dragon
 11807 | D:11     | Killed a fire dragon
 11808 | D:11     | Reached skill level 5 in Dodging
 11808 | D:11     | Reached skill level 15 in Unarmed Combat
 11812 | D:11     | Killed an ice dragon
 12173 | D:11     | Killed an ice dragon
 12339 | D:11     | Noticed Snorg
 12382 | D:11     | Killed Snorg
 13071 | D:12     | Found a staircase to the Orcish Mines.
 13082 | Orc:1    | Entered Level 1 of the Orcish Mines
 13084 | Orc:1    | Noticed a stone giant
 13094 | Orc:1    | Killed a stone giant
 13160 | Orc:2    | Entered Level 2 of the Orcish Mines
 13398 | Orc:2    | Gained mutation: You cannot study or cast Fire magic. [Ru
                  | sacrifice]
 13398 | Orc:2    | Gained mutation: You cannot study or cast Hexes magic. [Ru
                  | sacrifice]
 13398 | Orc:2    | Gained mutation: You cannot study or cast Conjurations
                  | magic. [Ru sacrifice]
 13398 | Orc:2    | Reached ****** piety under Ru
 14063 | Orc:2    | Reached XP level 13. HP: 93/123 MP: 12/12
 14081 | Orc:2    | Reached skill level 5 in Throwing
 14100 | Orc:2    | Reached skill level 16 in Unarmed Combat
 14101 | Orc:2    | Noticed an orc warlord
 14301 | Orc:1    | Killed an orc warlord
 14480 | Orc:2    | Noticed an orc warlord
 14562 | Orc:1    | Killed an orc warlord
 14793 | Orc:2    | Found a staircase to the Elven Halls.
 15195 | Orc:2    | Found Ureajis's Assorted Antiques.
 15195 | Orc:2    | Found Otuil's Assorted Antiques.
 15283 | Orc:2    | Found a roughly hewn altar of Beogh.
 15372 | Orc:2    | Found Varycw's Armour Shoppe.
 15372 | Orc:2    | Found Fex Sits's Magic Scroll Boutique.
 15569 | Orc:2    | Found Ahorusk's Antique Weapon Boutique.
 15581 | Orc:2    | Reached skill level 17 in Unarmed Combat
 15803 | D:12     | Found a radiant altar of Vehumet.
 16725 | D:4      | Bought a scroll of identify for 20 gold pieces
 16725 | D:4      | Bought a scroll of teleportation for 30 gold pieces
 16725 | D:4      | Bought a scroll of identify for 20 gold pieces
 16725 | D:4      | Bought a scroll of identify for 20 gold pieces
 16725 | D:4      | Bought a scroll of identify for 20 gold pieces
 16725 | D:4      | Bought a scroll of identify for 20 gold pieces
 16725 | D:4      | Bought a scroll of identify for 20 gold pieces
 16725 | D:4      | Bought a scroll of identify for 20 gold pieces
 16725 | D:4      | Bought a scroll of identify for 20 gold pieces
 17061 | D:12     | Noticed Josephine
 17073 | D:12     | Killed Josephine
 17074 | D:12     | Reached XP level 14. HP: 60/128 MP: 13/13
 17096 | D:12     | Reached skill level 1 in Evocations
 17711 | D:13     | Found Penoduh's Book Shop.
 17950 | D:13     | Reached skill level 1 in Maces & Flails
 17966 | D:13     | Reached skill level 18 in Unarmed Combat
 19116 | D:14     | Found a basalt altar of Yredelemnul.
 19139 | D:14     | Found a gate to the Vaults.
 19518 | D:14     | Found a shadowy altar of Dithmenos.
 19816 | D:15     | Entered Level 15 of the Dungeon
 19966 | D:15     | Found a frozen archway.
 19990 | IceCv    | Entered an ice cave
 20143 | IceCv    | Got brightly glowing storm dragon scales
 20154 | IceCv    | Identified the +1 storm dragon scales of Purpose {rElec
                  | Int+5} (You found it in an ice cave)
 20433 | IceCv    | Reached skill level 19 in Unarmed Combat
 20533 | IceCv    | Noticed a frost giant
 20557 | IceCv    | Reached XP level 15. HP: 97/140 MP: 14/14
 20560 | IceCv    | Killed a frost giant
 20687 | IceCv    | Found the +9 staff of Olgreb {rPois∞}
 21186 | D:15     | Noticed Louise
 21214 | D:15     | Killed Louise
 21750 | D:15     | Found a staircase to the Depths.
 22062 | D:10     | Identified the +1 leather armour of Qazlal's Castigation
                  | {*Contam rC+ Will+++ Stlth+}
 22125 | Lair:1   | Entered Level 1 of the Lair of Beasts
 22527 | Lair:1   | Found a shimmering blue altar of Sif Muna.
 23022 | Lair:2   | Found a gate leading to a gauntlet.
 23048 | Gauntlet | Entered a Gauntlet
 23048 | Gauntlet | Found a transporter.
 23048 | Gauntlet | Found a transporter.
 23057 | Gauntlet | Found a transporter.
 23060 | Gauntlet | Found a transporter.
 23064 | Gauntlet | Found a runed translucent door.
 23066 | Gauntlet | Found a runed translucent door.
 23068 | Gauntlet | Found a transporter.
 23072 | Gauntlet | Found a transporter.
 23080 | Gauntlet | Found a transporter.
 23097 | Gauntlet | Found a transporter.
 23114 | Gauntlet | Found a transporter.
 23115 | Gauntlet | Found a transporter.
 23138 | Gauntlet | Found a transporter.
 23139 | Gauntlet | Found a transporter.
 23230 | Gauntlet | Got a twitching brass ring
 23232 | Gauntlet | Identified the ring of Zutom {+Blink +Fly Int+4} (You found
                  | it in a Gauntlet)
 23318 | Gauntlet | Got a translucent turquoise ring
 23320 | Gauntlet | Identified the ring of Bofean {*Slow +Blink rF+ Will- Int+4
                  | SInv} (You found it in a Gauntlet)
 23368 | Gauntlet | Identified the ring of Wariness {rF++ Str+4 Stlth+}
 23866 | Lair:2   | Found a staircase to the Shoals.
 24025 | Lair:2   | Found a runed translucent door.
 24025 | Lair:2   | Noticed bogs101's ghost (journeyman DEWz)
 24067 | Lair:2   | Killed bogs101's ghost
 24287 | Lair:3   | Noticed Rupert
 24298 | Lair:3   | Killed Rupert
 25057 | Lair:4   | Found a hole to the Spider Nest.
 25679 | Lair:4   | Reached skill level 20 in Unarmed Combat
 26154 | Lair:5   | Reached XP level 16. HP: 137/150 MP: 15/15
 26375 | Lair:5   | Reached skill level 5 in Evocations
 26579 | Lair:6   | Entered Level 6 of the Lair of Beasts
 27073 | Lair:6   | Found a staircase to the Slime Pits.
 27969 | Spider:1 | Entered Level 1 of the Spider Nest
 28170 | Shoals:1 | Entered Level 1 of the Shoals
 28773 | Elf:1    | Entered Level 1 of the Elven Halls
 28792 | Elf:1    | Noticed Azrael
 28816 | Elf:1    | Killed Azrael
 29208 | Elf:1    | Identified the Collected Works on Unholy Rites
 29235 | Elf:1    | Noticed Asterion
 29299 | Elf:1    | Killed Asterion
 29307 | Elf:1    | Killed the ghostly Asterion
 29493 | Elf:1    | Noticed Agnes
 29732 | Elf:1    | Reached skill level 10 in Throwing
 30075 | Elf:1    | Killed Agnes
 30372 | Elf:2    | Reached skill level 10 in Dodging
 30439 | Elf:2    | Reached XP level 17. HP: 120/161 MP: 16/16
 30563 | Elf:2    | Identified a scroll of acquirement
 30564 | Elf:2    | Acquired 921 gold pieces
 30659 | Elf:2    | Found a runed translucent gate.
 30659 | Elf:2    | Found a runed translucent gate.
 30670 | Elf:2    | Found a runed translucent gate.
 31303 | Elf:2    | Noticed a deep elf blademaster
 31316 | Elf:2    | Killed a deep elf blademaster
 31497 | Elf:2    | Killed from afar by a deep elf knight

Illustrated notes

Levels and vault maps discovered:
D:1:      scummos_arrival_star, layout_loops_ring, serial_bayou,
          serial_bayou_pond_c, serial_bayou_lake_a, serial_bayou_pond_c,
          serial_bayou_shore_b
D:2:      layout_basic, lemuel_doored_altar, nicolae_overflow_crystal_walls,
          item_on_display_a, uniq_jessica, uniq_terence
D:3:      kennysheep_slugbush, layout_basic, biasface_ghost_orc_armoury,
          grunt_ministairs_13, uniq_robin, uniq_ijyb
D:4:      layout_basic, serial_glass, glass_columns_a, glass_columns_a,
          feat_on_display, due_unseen_surprise, minmay_strange_pillars,
          serial_shops, kennysheep_mini_moat, kennysheep_mini, shop,
          kennysheep_little_box
D:5:      layout_cave_pods, overflow_temple_1_default,
          nzn_overflow_gifts_of_might_and_magic, enter_ossuary_5, serial_shops,
          shop_fountains, grunt_decor_fettered, uniq_pikel
D:6:      layout_basic, overflow_temple_1_default, st_stairs_11,
          dk_yredelemnul_ordeal
D:7:      layout_basic, minmay_temple_entry_glassed_door, gammafunk_ghost_split,
          hangedman_decor_peaks_small, uniq_menkaure
D:8:      layout_loops_corners, nicolae_overflow_hidden_temple
D:9:      layout_irregular_city, serial_column_ruins, column_ruins_grid_2,
          column_ruins_columns_plus, column_ruins_grid_1,
          nicolae_ru_the_path_less_chosen, uniq_grum
D:10:     minmay_the_grid_square_5x5_4x4 [minmay_the_grid_square_5x5_lines,
          minmay_the_grid_square_5x5_shrine2,
          minmay_the_grid_square_5x5_minimal,
          minmay_the_grid_square_5x5_two_walls_b,
          minmay_the_grid_square_5x5_mess,
          minmay_the_grid_square_5x5_prize_open,
          minmay_the_grid_square_5x5_prize_itemx,
          minmay_the_grid_square_5x5_detours,
          minmay_the_grid_square_5x5_one_wall,
          minmay_the_grid_square_5x5_prize_monsterx,
          minmay_the_grid_square_5x5_prize_pseudospiral,
          minmay_the_grid_square_5x5_three_walls,
          minmay_the_grid_square_5x5_n_small, minmay_the_grid_square_5x5_empty,
          minmay_the_grid_square_5x5_shuriken, minmay_the_grid_square_5x5_tie],
          layout_basic, grunt_lair_entry_orc_guard_hut, serial_shops,
          shop_fountains, enter_trove_5
D:11:     layout_roguey, serial_corexii_hall, corexii_hall_statues_deadend,
          corexii_hall_statues_x, nrook_uturn, minmay_guarded_unrand_resistance,
          uniq_erolcha, uniq_snorg
D:12:     hangedman_cross_cluster, layout_stronghold, basic_altar,
          uniq_josephine
D:13:     layout_layer_cave, serial_rivers, chequers_serial_rivers_micro_c,
          chequers_serial_rivers_micro_e, chequers_serial_rivers_micro_a,
          chequers_serial_rivers_micro_b, serial_shops,
          nicolae_shop_temple_entry_statues_fountains
D:14:     layout_rooms, erik_vaults_2, basic_altar,
          nicolae_dithmenos_through_a_glass_darkly
D:15:     grunt_enter_depths_magical_seal, layout_basic,
          portal_ice_cave_demonic_guard, chequers_serial_rivers_micro_c,
          bh_walls_and_bars, uniq_louise
Lair:1:   layout_cellular_growth, amcnicky_altar_gilded
Lair:2:   layout_misc_corridors, minmay_shoals_entry_beasts,
          gauntlet_entry_generic, ebering_ghost_reflecting_pool,
          grunt_megastairs_1
Lair:3:   layout_long_grid, uniq_rupert
Lair:4:   layout_gridlike, spider_nest_entry_rubble
Lair:5:   layout_gridlike, beast_lair_carwin_7, grunt_megastairs_3
Lair:6:   due_jungle_book, layout_gridlike, lemuel_fruit_fields
Shoals:1: layout_shoals, nicolae_shoals_arrival_archipelago
Spider:1: layout_spider_delve, uniq_aizul
Orc:1:    layout_diamond_mine
Orc:2:    st_orc_town, layout_diamond_mine, serial_shops, shop,
          minmay_orc_barracks
Elf:1:    eino_elf_arrival_sip, layout_geoelf_octagon, minmay_elf_necromancy,
          grunt_megastairs_4, uniq_azrael, uniq_asterion, uniq_agnes
Elf:2:    layout_loops_cross, minivault_24

Skill      XL: |  1  2  3  4  5  6  7  8  9 10 11 12 13 14 15 16 17 |
---------------+----------------------------------------------------+-----
Shields        | 3 4 5 7 8 9 |  9.0
Unarmed Combat | 3 4 5 8 11 12 14 15 17 19 20 | 20.0
Throwing       | 1 3 4 6 7 8 10 | 10.4
Fighting       | 3 4 5 6 7 8 9 |  9.2
Dodging        | 3 4 6 7 10 11 | 11.0
Evocations     | 3 4 6 |  6.7
Maces & Flails | 3 4 |  4.4

Action                   |  1- 3 |  4- 6 |  7- 9 | 10-12 | 13-15 | 16-18 || total
-------------------------+-------+-------+-------+-------+-------+-------++-------
Melee: Unarmed           |   104 |   199 |   544 |   660 |  1329 |   706 ||  3542
       Eveningstar       |       |       |       |       |    18 |       ||    18
Throw: Dart              |       |     3 |     1 |       |       |       ||     4
       Large rock        |       |       |       |     3 |    14 |     9 ||    26
Invok: Sacrifice Stealth |       |     1 |       |       |       |       ||     1
       Sacrifice Experie |       |       |     1 |       |       |       ||     1
       Sacrifice Love    |       |       |     1 |       |       |       ||     1
       Sacrifice Essence |       |       |     1 |       |       |       ||     1
       Sacrifice Durabil |       |       |       |     1 |       |       ||     1
       Sacrifice Arcana  |       |       |       |     1 |       |       ||     1
       Apocalypse        |       |       |       |       |     2 |       ||     2
Evoke: Wand              |       |       |     2 |       |     1 |       ||     3
       Phial of floods   |       |       |       |     1 |       |       ||     1
       Staff of Olgreb   |       |       |       |       |     2 |       ||     2
       Condenser vane    |       |       |       |       |       |     1 ||     1
  Use: Potion            |       |     1 |       |     3 |       |     1 ||     5
       Scroll            |       |       |     8 |     5 |    12 |     3 ||    28
 Stab: Sleeping          |     1 |       |       |       |       |       ||     1
       Invisible         |       |       |     1 |    11 |     9 |     7 ||    28
       Paralysed         |       |       |       |     6 |     6 |     1 ||    13
       Distracted        |       |       |       |     2 |     7 |     6 ||    15
       Petrifying        |       |       |       |       |     1 |       ||     1
Armor: Robe              |    45 |    45 |    82 |    23 |       |       ||   195
       Skin              |       |     1 |       |       |       |       ||     1
       Animal skin       |       |       |       |    29 |       |       ||    29
       Ice dragon scales |       |       |       |    45 |   211 |    67 ||   323
       Storm dragon scal |       |       |       |       |       |    83 ||    83
Dodge: Dodged            |    46 |    49 |   141 |   201 |   356 |   197 ||   990
Block: Kite shield       |    49 |    81 |   206 |   291 |   621 |   342 ||  1590
